 Dungeon Crawl Stone Soup version 0.30-a0-365-ge7f957f1db (webtiles) character file.

Game seed: 7176343743985674064

20 Manisia the Insei (level 3, -1/28 HPs)
             Began as a Human Wanderer on Nov 17, 2022.
             Slain by an endoplasm (2 damage)
             ... on level 1 of the Dungeon.
             The game lasted 00:02:20 (690 turns).

Manisia the Insei (Human Wanderer)                   Turns: 690, Time: 00:02:21

Health: -1/28      AC:  4    Str: 13    XL:     3   Next: 0%
Magic:  3/3        EV: 11    Int: 10    God:
Gold:   48         SH:  0    Dex: 15    Spells: 2/2 levels left

rFire   . . .      SeeInvis .    a - +0 dagger
rCold   . . .      Faith    .    (no shield)
rNeg    . . .      Spirit   .    f - +0 leather armour
rPois   .          Reflect  .    (no helmet)
rElec   .          Harm     .    (no cloak)
rCorr   .          Rampage  .    d - +0 pair of gloves
Will    .....                    (no boots)
Stlth   ++........               (no amulet)
HPRegen 0.24/turn                (no ring)
MPRegen 0.08/turn                (no ring)

@: lethally poisoned (-1 -> -2)
A: no striking features
a: no special abilities


You were on level 1 of the Dungeon.
You visited 1 branch of the dungeon, and saw 2 of its levels.

You collected 48 gold pieces.

Inventory:

Hand Weapons
 a - a +0 dagger (weapon)
Armour
 d - a +0 pair of gloves (worn)
 f - a +0 leather armour (worn)
Scrolls
 h - 2 scrolls of immolation
 i - a scroll of identify
Potions
 c - 2 potions of attraction
 e - 2 potions of mutation
 g - a potion of brilliance


   Skills:
 + Level 2.5 Fighting
 + Level 1.1 Throwing
 + Level 1.1 Armour
 + Level 1.4 Dodging
 - Level 3.0 Stealth
 - Level 3.0 Unarmed Combat


You had 2 spell levels left.
You didn't know any spells.
Your spell library was empty.

Dungeon Overview and Level Annotations

Branches:
Dungeon (2/15)

Altars:


Message History

You feel sick. The adder closely misses you. The adder barely misses you.
The endoplasm closely misses you.
You hit the adder but do no damage.
The adder is severely wounded.
You feel sick. The adder bites you but does no damage.
The endoplasm freezes you.
You are frozen.
You miss the adder.
The adder is severely wounded.
You feel sick. The adder misses you. The endoplasm freezes you.
You are frozen.
You are too injured to fight recklessly!
You are too injured to fight recklessly!
You closely miss the adder.
The adder is severely wounded.
You feel sick. The adder bites you.
* * * LOW HITPOINT WARNING * * *
You are more poisoned.
The adder poisons you! The adder closely misses you. The endoplasm hits you.
* * * LOW HITPOINT WARNING * * *
Blink to where?
Press: ? - help, Q - select action, (/) - cycle Dir - move target
As you read the scroll of blinking, it crumbles to dust.
* * * LOW HITPOINT WARNING * * *
You feel sick.
* * * LOW HITPOINT WARNING * * *
You feel sick.
There is a stone staircase leading up here.
* * * LOW HITPOINT WARNING * * *
You feel sick. The endoplasm closely misses you.
You climb upwards.
* * * LOW HITPOINT WARNING * * *
You feel sick.
There is a stone staircase leading down here.
You hit the endoplasm. You punch the endoplasm.
The endoplasm is almost dead.
* * * LOW HITPOINT WARNING * * *
You feel sick. The endoplasm hits you.
You die...

##################
######@................
#......J...............
#.....###.......(.#####
#.....# #.#............
#...รท.#
#..............
#.....######......[....
#..........#...........
#.....####.#..[........
#......# #.#...........


You could see an endoplasm.

Vanquished Creatures
  2 dart slugs (D:1)
  A giant cockroach (D:1)
  A goblin (D:1)
  3 jackals (D:1)
  A quokka (D:1)
  3 ball pythons (D:1)
  3 bats (D:1)
  A kobold (D:1)
  A rat (D:1)
16 creatures vanquished.

Notes
Turn   | Place    | Note
-------+----------+-------------------------------------------
     0 | D:1      | Manisia the Human Wanderer began the quest for the Orb.
     0 | D:1      | Manisia set off with the following items: a +0 dagger, a
                  | scroll of blinking, a potion of attraction, a +0 pair of
                  | gloves, a potion of mutation, a +0 leather armour, a potion
                  | of brilliance.
     0 | D:1      | Reached XP level 1. HP: 16/16 MP: 1/1
   118 | D:1      | Reached XP level 2. HP: 22/23 MP: 2/2
   431 | D:1      | Reached skill level 1 in Armour
   522 | D:1      | Reached XP level 3. HP: 27/28 MP: 3/3
   690 | D:1      | HP: 1/28 [poisoned by an adder]
   690 | D:1      | Slain by an endoplasm

Illustrated notes

Levels and vault maps discovered:
D:1:      giann_forest_graveyard, layout_basic, reono_crystal_passage
D:2:      layout_rooms

Skill      XL: |  1  2 |
---------------+-------+-----
Armour         | 1 |  1.1
Fighting       | |  2.5
Throwing       | |  1.1
Dodging        | |  1.4
Stealth        | |  3.0
Unarmed Combat | |  3.0

Action                   || total
-------------------------++-------
Melee: Dagger            ||    81
       Punch             ||     3
  Use: Scroll            ||     4
 Stab: Sleeping          ||     3
Armor: Leather armour    ||    31
Dodge: Dodged            ||    56

Table legend: (Time is in decaauts)
 A = Elapsed time spent in this place.
 B = Non-inter-level travel time spent in this place.
 C = Inter-level travel time spent in this place.
 D = Time resting spent in this place.
 E = Time spent auto-exploring this place.
 F = Levels seen in this place.
 G = Mean time per level.
                   A        B        C        D        E       F      G
               +--------+--------+--------+--------+--------+-----+--------+
         Total |    690 |    680 |     10 |      0 |    509 |   2 |  345.0 |
       Dungeon |    690 |    680 |     10 |      0 |    509 |   2 |  345.0 |
               +--------+--------+--------+--------+--------+-----+--------+

Top non-repeatable levels by time:
     D:1: 677 daAuts
     D:2: 12 daAuts
